 Dungeon Crawl Stone Soup version 0.19.1-1-g22dce08 (webtiles) character file.

6673 KingOfRats the Prestidigitator (level 10, 0/98 HPs)
             Began as a Deep Dwarf Fighter on Jan 2, 2017.
             Was an Initiate of Gozag.
             Killed from afar by Nergalle (19 damage)
             ... with a bolt of negative energy
             ... on level 10 of the Dungeon.
             The game lasted 00:37:24 (7207 turns).

KingOfRats the Prestidigitator (Deep Dwarf Fighter) Turns: 7207, Time: 00:37:24

Health: 0/98       AC: 23    Str: 23    XL:     10   Next: 73%
Magic:  13/13      EV:  7    Int:  9    God:    Gozag
Gold:   1433       SH:  0    Dex: 12    Spells: 0 memorised, 9 levels left

rFire  + . .     SeeInvis +     A - +0 battleaxe (flame)
rCold  . . .     Gourm    .     j - +1 plate armour {rF+}
rNeg   . . .     Faith    .     (shield currently unavailable)
rPois  .         Spirit   .     (helmet restricted)
rElec  .         Reflect  .     w - +2 cloak
rCorr  .         Harm     .     o - +0 pair of gloves
MR     ++...                    g - +2 pair of boots
Stlth  ..........               (no amulet)
                                v - ring of see invisible
                                q - ring of protection from magic

@: lethally poisoned (0 -> 0), non-regenerating, heavily drained
A: damage resistance, recharge devices, horns 1, rugged brown scales 1,
deterioration 1, sense surroundings 2, slow regeneration 3, sturdy frame 1
a: Device Recharging, Potion Petition, Call Merchant, Bribe Branch, Renounce
Religion


You were on level 10 of the Dungeon.
You worshipped Gozag.
Gozag was most pleased with you.
You were not hungry.

You visited 2 branches of the dungeon, and saw 11 of its levels.

You collected 1492 gold pieces.
You paid 59 gold pieces to Gozag.

Inventory:

Hand Weapons
 a - a +0 war axe
 A - a +0 battleaxe of flaming (weapon)
 B - a +1 battleaxe of freezing
Armour
 c - a +0 shield
 g - a +2 pair of boots (worn)
 j - a +1 plate armour of fire resistance (worn)
 o - a +0 pair of gloves (worn)
 w - a +2 cloak (worn)
 G - the +5 ring mail of Kikubaaqudgha's Pride {rF+ rCorr}
   (You found it on level 9 of the Dungeon)

   It protects you from fire.
   It protects you from acid and corrosion.
Jewellery
 q - a ring of protection from magic (left hand)
 v - a ring of see invisible (right hand)
 D - an uncursed ring of protection from fire
Wands
 e - a wand of heal wounds (6/9)
 u - a wand of iceblast (13/15)
 I - a wand of iceblast (9/15)
Scrolls
 b - 2 scrolls of blinking
 k - 3 scrolls of teleportation
 p - 2 scrolls of magic mapping
 H - 2 scrolls of remove curse
Potions
 d - 2 potions of might
 i - 6 potions of curing
 l - 4 potions of flight
 t - a potion of magic
 x - 2 potions of invisibility
 z - a potion of lignification
 C - a potion of heal wounds {unknown}
 E - a potion of resistance {unknown}
 F - a potion of cure mutation {unknown}
Comestibles
 f - a bread ration
 m - 2 beef jerkies
 n - 3 meat rations
 r - 3 royal jellies
 s - 2 slices of pizza


   Skills:
 + Level 7.7(6.0) Fighting
 + Level 8.8(7.0) Axes
 + Level 9.1(7.3) Armour
 - Level 7.0(5.3) Shields
 + Level 10.0(8.2) Evocations


You had 9 spell levels left.
You didn't know any spells.

Dungeon Overview and Level Annotations

Branches:
Dungeon (10/15)            Temple (1/1) D:5            Lair (0/6) D:8
    Orc: D:9-12

Altars:
Ashenzari
Cheibriados
Dithmenos
Elyvilon
Fedhas
Gozag
Makhleb
Nemelex Xobeh
Qazlal
Ru
Sif Muna
Trog
Uskayaw
Vehumet
Xom
Yredelemnul
Zin
The Shining One

Shops:
D:5 }

Annotations:
D:10 Nergalle


Innate Abilities, Weirdness & Mutations

You are resistant to damage.
You can recharge devices by infusing magical energy.
You passively map the area around you.
You do not regenerate.
You have a pair of small horns on your head.
You are partially covered in rugged brown scales. (AC +1, +3% HP)
Your body sometimes deteriorates upon taking damage.
Your movements are slightly less encumbered by armour. (ER -2)


Message History

Nergalle is almost dead.
You hit the spectral orc warrior. You burn the spectral orc warrior.
You feel sick.
The ogre is no longer distracted by gold.
Nergalle casts a spell at you.
Orcish apparitions take form around you.
The spectral orc warrior hits you but does no damage.
Nergalle completely misses you.
You closely miss Nergalle.
You headbutt Nergalle, but do no damage.
Nergalle is almost dead.
You hit the spectral orc warrior but do no damage.
You slash the spectral orc! You burn the spectral orc.
You destroy the spectral orc!
You feel sick.
The spectral orc warrior hits you but does no damage.
Nergalle casts a spell at you. The bolt of negative energy hits you!
You feel drained.
You die...
Your body crumbles into a pile of gold.

, * * *
, ###**
* , *
,,,
..., *
, .. ,
* ,, ,
,.. , *
** , #.
* ,, *
** ,, ,
*#O *
**, * ,
, *,
*#$##
*,, * *
, * *
#o@# ,,
, $, *
* ##Z##
* * ,*
* ##Z##
#####
##.##
##....
##.##
##..###
,, *
#..#
##..##
# , ,
#.##
##..##
, , **
#.#
##..##
$ , *
#.#
##..##


You could see Nergalle, 2 spectral orc warriors and an ogre.

Vanquished Creatures
  Erica (D:9)
  The ghost of smzp the Magician, a novice DsFE of Sif Muna (D:8)
  2 guardian serpents (D:9)
  A hippogriff (D:9)
  Sigmund (D:6)
  2 yaks (D:8)
  The ghost of theMooja the Conjurer, an amateur VSCj (D:4)
  3 orc warriors (D:6)
  4 ice beasts
  A black bear (D:3)
  A sky beast (D:6)
  A necrophage (D:9)
  2 wolves (D:8)
  3 ogres
  2 centaurs
  5 bullfrogs
  A gnoll sergeant (D:8)
  4 scorpions
  12 wights
  2 electric eels
  4 howler monkeys
  2 centaur zombies
  4 crimson imps
  2 orc priests
  5 hounds
  A bullfrog skeleton (D:4)
  The ghost of Dolanko the Conjurer, a weakling FeCj (D:3)
  A jelly (D:5)
  3 orc wizards
  A bullfrog zombie (D:5)
  A centaur skeleton (D:5)
  2 gnoll shamans (D:6)
  3 iguanas
  3 worker ants
  2 hound zombies
  24 gnolls
  11 adders
  A hound simulacrum (D:8)
  An ufetubus (D:8)
  An ooze (D:6)
  An adder skeleton (D:6)
  2 adder zombies
  2 dart slugs (D:1)
  7 leopard geckos
  29 orcs
  6 giant cockroaches
  12 goblins
  3 hobgoblins
  13 jackals
  3 kobolds
  5 quokkas
  7 bats
  3 frilled lizards
  A quokka skeleton (D:9)
  9 rats
226 creatures vanquished.

Notes
Turn   | Place    | Note
-------+----------+-------------------------------------------
     0 | D:1      | KingOfRats the Deep Dwarf Fighter began the quest for the Orb.
     0 | D:1      | Reached XP level 1. HP: 20/20 MP: 1/1
   305 | D:1      | Reached XP level 2. HP: 27/27 MP: 2/2
   349 | D:1      | Reached skill level 1 in Evocations
   469 | D:1      | Reached XP level 3. HP: 25/34 MP: 3/3
   859 | D:1      | Reached skill level 2 in Evocations
  1004 | D:2      | Reached XP level 4. HP: 26/42 MP: 5/5
  1478 | D:3      | Reached XP level 5. HP: 13/49 MP: 5/7
  1515 | D:3      | Noticed a black bear
  1526 | D:3      | Killed a black bear
  1526 | D:3      | Reached skill level 3 in Evocations
  1656 | D:3      | Gained mutation: Your body sometimes deteriorates upon taking damage. [potion of mutation]
  1656 | D:3      | Gained mutation: Your magical capacity is low. (-10% MP) [potion of mutation]
  2139 | D:3      | Reached XP level 6. HP: 25/57 MP: 7/7
  2152 | D:3      | Noticed Dolanko's ghost (weakling FeCj)
  2166 | D:3      | Killed Dolanko's ghost
  2411 | D:4      | Reached skill level 4 in Evocations
  2460 | D:4      | Noticed theMooja's ghost (amateur VSCj)
  2473 | D:4      | Killed theMooja's ghost
  2473 | D:4      | Reached XP level 7. HP: 46/64 MP: 9/9
  2523 | D:4      | Reached skill level 5 in Armour
  2868 | D:5      | Entered Level 5 of the Dungeon
  2941 | D:5      | Found Lottuy's Gadget Boutique.
  3054 | D:5      | Found a staircase to the Ecumenical Temple.
  3070 | Temple   | Entered the Ecumenical Temple
  3100 | Temple   | Became a worshipper of Gozag Ym Sagoz the Greedy
  3201 | D:5      | Reached skill level 5 in Shields
  3337 | D:5      | Reached skill level 5 in Evocations
  3668 | D:6      | Reached XP level 8. HP: 31/73 MP: 10/10
  3739 | D:6      | Reached skill level 5 in Axes
  3853 | D:6      | Noticed Sigmund
  3952 | D:6      | Found a shattered altar of Ashenzari.
  4040 | D:6      | Reached skill level 5 in Fighting
  4124 | D:6      | Killed Sigmund
  4124 | D:6      | Reached skill level 6 in Evocations
  4397 | D:6      | Gained mutation: You passively map the area around you. [Deep Dwarf growth]
  4397 | D:6      | Reached XP level 9. HP: 45/81 MP: 11/11
  4812 | D:7      | Reached skill level 7 in Evocations
  5471 | D:8      | Reached skill level 8 in Evocations
  5557 | D:8      | Lost mutation: Your magical capacity is low. (-10% MP) [potion of mutation]
  5557 | D:8      | Gained mutation: You have a pair of small horns on your head. [potion of mutation]
  5557 | D:8      | Gained mutation: You are partially covered in rugged brown scales. (AC +1, +3% HP) [potion of mutation]
  5558 | D:8      | Gained mutation: Your movements are slightly less encumbered by armour. (ER -2) [potion of mutation]
  5579 | D:8      | Noticed smzp's ghost (novice DsFE)
  5596 | D:8      | Killed smzp's ghost
  5596 | D:8      | Reached XP level 10. HP: 23/94 MP: 13/13
  5675 | D:8      | Found a staircase to the Lair.
  6423 | D:9      | Noticed a guardian serpent
  6433 | D:9      | Killed a guardian serpent
  6433 | D:9      | Reached skill level 9 in Evocations
  6537 | D:9      | Noticed Erica
  6547 | D:9      | Killed Erica
  6555 | D:9      | Got a steaming ring mail
  6574 | D:9      | Identified the +5 ring mail of Kikubaaqudgha's Pride {rF+ rCorr} (You found it on level 9 of the Dungeon)
  6736 | D:9      | Noticed a guardian serpent
  6749 | D:9      | Killed a guardian serpent
  6964 | D:9      | Reached skill level 10 in Evocations
  7136 | D:10     | Entered Level 10 of the Dungeon
  7185 | D:10     | Noticed Nergalle
  7207 | D:10     | Killed from afar by Nergalle

Skill      XL: |  1  2  3  4  5  6  7  8  9 10 |
---------------+-------------------------------+-----
Evocations     | 1 2 3 4 5 6 8 10 | 10.0
Fighting       | 3 4 5 6 7 |  7.7
Armour         | 4 5 6 8 9 |  9.1
Axes           | 3 4 5 7 8 |  8.8
Shields        | 4 5 6 7 |  7.0

Action                   |  1- 3 |  4- 6 |  7- 9 | 10-12 || total
-------------------------+-------+-------+-------+-------++-------
Melee: War axe           |   161 |   161 |   409 |    34 ||   765
       Battleaxe         |       |       |    95 |   124 ||   219
       Headbutt          |       |       |     2 |    37 ||    39
 Abil: Device Recharging |       |       |     3 |     1 ||     4
Evoke: Wand              |       |     2 |    14 |     9 ||    25
  Use: Scroll            |     6 |     5 |    12 |     3 ||    26
       Potion            |       |     1 |     2 |     1 ||     4
 Stab: Distracted        |       |       |     1 |       ||     1
  Eat: Chunk             |     1 |     5 |       |       ||     6
       Bread ration      |       |       |     3 |     1 ||     4
Armor: Plate armour      |   142 |   145 |   314 |   111 ||   712
       Scale mail        |     4 |       |       |       ||     4
       Ring mail         |       |       |       |    18 ||    18
       Skin              |       |       |       |     3 ||     3
Dodge: Dodged            |    28 |    17 |   118 |    63 ||   226
Block: Shield            |   102 |   102 |   239 |    16 ||   459
